 Dungeon Crawl Stone Soup version 0.25.1-2-g60ff931df9 (webtiles) character file.

Game seed: 12346539099446580965

1922 Nafanya the Twirler (level 8, 0/61 HPs)
             Began as a Demonspawn Monk on July 31, 2020.
             Was an Elder of Okawaru.
             Slain by a troll (13 damage)
             ... on level 9 of the Dungeon.
             The game lasted 00:44:06 (10836 turns).

Nafanya the Twirler (Demonspawn Monk)              Turns: 10836, Time: 00:44:07

Health: 0/61       AC: 14    Str: 12    XL:     8   Next: 96%
Magic:  8/8        EV: 15    Int: 21    God:    Okawaru [****..]
Gold:   398        SH:  0    Dex: 16    Spells: 7/7 levels left

rFire    . . .     SeeInvis .   a - +2 quarterstaff (chaos)
rCold    . . .     Gourm    .   (shield currently unavailable)
rNeg     . . .     Faith    +   f - +3 leather armour
rPois    .         Spirit   .   (helmet restricted)
rElec    .         Reflect  .   i - +0 cloak
rCorr    .         Harm     .   c - +2 pair of gloves
MR       .....                  g - +0 pair of boots (curse)
Stlth    +++.......             q - amulet of faith
HPRegen  0.20/turn              p - +6 ring of intelligence
MPRegen  0.11/turn              t - ring of stealth

@: confused
A: antennae 1, iridescent scales 1, clever 1, nightstalker 1, powered by pain 1,
shaggy fur 1, MP-powered wands
a: Heroism, Renounce Religion


You were on level 9 of the Dungeon.
You worshipped Okawaru.
Okawaru was greatly pleased with you.
You were hungry.

You visited 2 branches of the dungeon, and saw 10 of its levels.

You collected 398 gold pieces.

Inventory:

Hand Weapons
 a - a +2 quarterstaff of chaos (weapon)
Armour
 c - a +2 pair of gloves (worn)
 f - a +3 leather armour (worn)
 g - a cursed +0 pair of boots (worn)
 i - a +0 cloak (worn)
 m - a +0 buckler
Jewellery
 e - an uncursed amulet of magic regeneration
 k - an uncursed amulet of the acrobat
 p - a +6 ring of intelligence (left hand)
 q - an amulet of faith (around neck)
 s - a cursed amulet of inaccuracy {unknown}
 t - a ring of stealth (right hand)
Scrolls
 j - 4 scrolls of immolation
 n - 2 scrolls of magic mapping
 o - 4 scrolls of remove curse
 r - 2 scrolls of teleportation
Potions
 d - a potion of stabbing
 h - a potion of curing
 l - 5 potions of lignification
 u - a potion of flight
Comestibles
 b - 12 rations


   Skills:
 + Level 4.7 Fighting
 * Level 6.5 Staves
 + Level 3.5 Armour
 + Level 5.0 Dodging
 + Level 3.6 Stealth
 + Level 0.1 Shields
 - Level 4.7 Unarmed Combat


You had 7 spell levels left.
You didn't know any spells.
Your spell library contained the following spells:

 Spells                   Type           Power        Failure   Level  Hunger
 Bolt of Magma            Conj/Fire/Erth #.........   99%         5    ######.
 Iskenderun's Battlesphe  Conj/Chrm      #.......     99%         5    ######.
 Iron Shot                Conj/Erth      #.........   100%        6    #######
 Orb of Destruction       Conj           #.........   100%        7    #######
 Spellforged Servitor     Conj/Summ      #.........   100%        7    #######


Dungeon Overview and Level Annotations

Branches:
Dungeon (9/15)             Temple (1/1) D:4
   Lair: D:8-11         Orc: D:9-12

Altars:
Ashenzari
Cheibriados
Dithmenos
Elyvilon
Fedhas
Gozag
Hepliaklqana
Kikubaaqudgha
Makhleb
Nemelex Xobeh
Okawaru
Qazlal
Ru
Sif Muna
Trog
Uskayaw
Vehumet
Wu Jian
Xom
Yredelemnul
Zin
The Shining One


Innate Abilities, Weirdness & Mutations

You have a pair of small antennae on your head.
You are partially covered in iridescent scales. (AC +2)
You are slightly more attuned to the shadows.
You sometimes gain a little power by taking damage.
Your mind is acute. (Int +2)
You are covered in fur. (AC +1)
You expend magic power (3 MP) to strengthen your wands.


Message History

The troll misses you. The troll claws you but does no damage.
You feel better. The troll completely misses you. The troll claws you.
* * * LOW HITPOINT WARNING * * *
The troll misses you.
You are confused.
You feel invigorated. The troll barely misses you.
The troll closely misses you. x2
You miss the troll.
The troll is moderately wounded.
The troll misses you. The troll claws you but does no damage.
The troll closely misses you.
You sock the troll!
The troll looks as sick as possible!
The troll is severely wounded.
The troll completely misses you. The troll claws you!
* * * LOW HITPOINT WARNING * * *
The troll closely misses you.
You closely miss the troll.
The troll is severely wounded.
The troll bites you!
You die...

####
##...#
#@...#
##T###
Z..
.....
......
!.....
.#####


You could see a troll (strong, extremely poisoned, drained) and a hound
skeleton.

Vanquished Creatures
  Grinder (D:4)
  A spriggan (D:8)
  A hungry ghost (D:8)
  An ice beast (D:4)
  2 black bears (D:8)
  2 slaves (D:4)
  An ogre (D:7)
  2 centaurs (D:8)
  A bullfrog (D:8)
  A scorpion (D:8)
  2 howler monkeys
  3 crimson imps
  A centaur zombie (D:6)
  A centaur skeleton (D:7)
  2 hounds
  A gnoll shaman (D:8)
  Crazy Yiuf (D:2)
  2 iguanas (D:5)
  3 worker ants
  Robin (D:4)
  2 hound skeletons
  A worker ant zombie (D:7)
  2 howler monkey zombies
  7 adders
  10 gnolls
  2 oozes
  3 worms (D:2)
  3 dart slugs (D:1)
  5 leopard geckos
  2 orcs
  2 giant cockroaches
  17 goblins
  8 hobgoblins
  4 jackals (D:6)
  10 kobolds
  A quokka (D:2)
  3 ball pythons
  7 bats
  4 frilled lizards (D:2)
  8 rats
131 creatures vanquished.

Vanquished Creatures (others)
  An adder (D:4)
1 creature vanquished.

Grand Total: 132 creatures vanquished

Notes
Turn   | Place    | Note
-------+----------+-------------------------------------------
     0 | D:1      | Nafanya the Demonspawn Monk began the quest for the Orb.
     0 | D:1      | Reached XP level 1. HP: 18/18 MP: 1/1
   568 | D:1      | Gained mutation: You sometimes gain a little power by
                  | taking damage. [demonic ancestry]
   568 | D:1      | Reached XP level 2. HP: 24/24 MP: 2/2
  1997 | D:2      | Gained mutation: You have a pair of small antennae on your
                  | head. [demonic ancestry]
  1997 | D:2      | Reached XP level 3. HP: 28/29 MP: 3/3
  2208 | D:2      | Found a hide-covered altar of Uskayaw.
  2823 | D:2      | Found a glowing golden altar of the Shining One.
  3114 | D:2      | Reached XP level 4. HP: 32/35 MP: 4/4
  3748 | D:2      | Found a runed translucent door.
  3749 | D:2      | Noticed Crazy Yiuf
  3753 | D:2      | Gained mutation: Your mind is acute. (Int +2) [potion of
                  | mutation]
  3753 | D:2      | Gained mutation: You are covered in fur. (AC +1) [potion of
                  | mutation]
  3753 | D:2      | Gained mutation: You expend magic power (3 MP) to
                  | strengthen your wands. [potion of mutation]
  3758 | D:2      | Killed Crazy Yiuf
  4279 | D:3      | Reached skill level 1 in Armour
  4279 | D:3      | Gained mutation: You are partially covered in iridescent
                  | scales. (AC +2) [demonic ancestry]
  4279 | D:3      | Reached XP level 5. HP: 10/41 MP: 5/5
  5086 | D:4      | Noticed a slave
  5087 | D:4      | Noticed a slave
  5117 | D:4      | Killed a slave
  5126 | D:4      | Killed a slave
  5214 | D:4      | Noticed Pikel
  5215 | D:4      | Noticed a slave
  5238 | D:4      | Noticed Pikel
  5238 | D:4      | Pikel changed into Pikel the ice beast
  5239 | D:4      | Noticed a slave
  5250 | D:4      | Killed Pikel the ice beast
  5250 | D:4      | Reached skill level 1 in Staves
  5250 | D:4      | Gained mutation: You are slightly more attuned to the
                  | shadows. [demonic ancestry]
  5250 | D:4      | Reached XP level 6. HP: 24/47 MP: 6/6
  5492 | D:4      | Noticed Robin
  5509 | D:4      | Killed Robin
  5509 | D:4      | Reached skill level 2 in Staves
  5557 | D:4      | Found a sparkling altar of Nemelex Xobeh.
  5557 | D:4      | Noticed Grinder
  5581 | D:4      | Killed Grinder
  5581 | D:4      | Reached skill level 3 in Staves
  5988 | D:4      | Found a staircase to the Ecumenical Temple.
  5997 | Temple   | Entered the Ecumenical Temple
  6270 | Temple   | Became a worshipper of Warmaster Okawaru
  6270 | Temple   | Reached * piety under Okawaru
  6270 | Temple   | Reached ** piety under Okawaru
  6347 | D:4      | Reached XP level 7. HP: 50/53 MP: 7/7
  6507 | D:4      | Found a stormy altar of Qazlal.
  6582 | D:5      | Entered Level 5 of the Dungeon
  7624 | D:6      | Found a shimmering altar of Xom.
  8130 | D:6      | Reached skill level 4 in Staves
  9554 | D:7      | Reached XP level 8. HP: 52/60 MP: 8/8
  9866 | D:8      | Found a bloodstained altar of Trog.
  9878 | D:8      | Reached *** piety under Okawaru
  9974 | D:8      | Reached skill level 5 in Staves
 10006 | D:8      | Found a sacrificial altar of Ru.
 10126 | D:8      | Found a burning altar of Makhleb.
 10127 | D:8      | Found a shattered altar of Ashenzari.
 10264 | D:8      | Reached **** piety under Okawaru
 10264 | D:8      | Reached skill level 6 in Staves
 10264 | D:8      | Reached skill level 5 in Dodging
 10817 | D:9      | Noticed a troll
 10831 | D:9      | HP: 1/61 [troll (18)]
 10836 | D:9      | Slain by a troll

Illustrated notes

Levels and vault maps discovered:
D:1:      minmay_arrival_doors, layout_basic
D:2:      layout_basic, lemuel_doored_altar, lemuel_crystal_altar,
          chequers_serial_rivers_micro_b, dk_noncrumbling_3, minmay_cupped,
          uniq_crazy_yiuf_cottage
D:3:      layout_loops_corners, first_ration
D:4:      layout_loops_ring, nicolae_qazlal_eye_of_the_storm,
          minmay_temple_entry_drinking_statues, nemelex_dance_club_becter,
          uniq_pikel, uniq_robin, uniq_grinder
D:5:      layout_rooms
D:6:      layout_basic, old_standard_altar, minmay_misc_feat_pillars
D:7:      layout_cave_pods
D:8:      layout_loops_ring, trog_ov_bears_minmay,
          gammafunk_temple_overflow_statue, the_bakery,
          nicolae_ru_sacrificial_ziggurat
D:9:      layout_basic, uniq_grum
Temple:   regret_index_temple_generic_petals

Skill      XL: |  1  2  3  4  5  6  7  8 |
---------------+-------------------------+-----
Dodging        | 3 4 5 |  5.0
Unarmed Combat | 3 4 |  4.7
Stealth        | 2 3 |  3.6
Armour         | 1 2 3 |  3.5
Staves         | 1 3 4 6 |  6.5
Fighting       | 4 |  4.7
Shields        | |  0.1

Action                   |  1- 3 |  4- 6 |  7- 9 || total
-------------------------+-------+-------+-------++-------
Melee: Unarmed           |   212 |   102 |   173 ||   487
       Punch             |     2 |       |     4 ||     6
       Quarterstaff      |       |   125 |   152 ||   277
  Use: Scroll            |     5 |     1 |     3 ||     9
       Potion            |     2 |     5 |     4 ||    11
 Stab: Sleeping          |     3 |     4 |    11 ||    18
       Paralysed         |       |     2 |     1 ||     3
       Confused          |       |     1 |       ||     1
       Distracted        |       |       |     1 ||     1
  Eat: Ration            |     1 |     1 |     3 ||     5
       Chunk             |     3 |     9 |     5 ||    17
Armor: Robe              |     6 |       |       ||     6
       Ring mail         |    47 |    73 |    28 ||   148
       Leather armour    |       |       |    87 ||    87
Dodge: Dodged            |   119 |   137 |   222 ||   478
Block: Buckler           |     7 |    12 |       ||    19
